 Dungeon Crawl Stone Soup version 0.29.0-4-gdea44cf6ec (webtiles) character file.

Game seed: 7793786881056582084

2650 qw the Cleaver (level 9, -1/118 HPs)
             Began as a Minotaur Berserker on Sept 5, 2022.
             Was an Elder of Trog.
             Killed from afar by Erica (31 damage)
             ... with a lance of force
             ... on level 8 of the Dungeon.
             The game lasted 00:02:29 (7652 turns).

qw the Cleaver (Minotaur Berserker)                 Turns: 7652, Time: 00:02:30

Health: -1/118     AC: 17    Str: 30    XL:     9   Next: 36%
Magic:  8/8        EV: 11    Int:  8    God:    Trog [****..]
Gold:   211        SH:  0    Dex: 16    Spells: 8/8 levels left

rFire   . . .      SeeInvis .   Y - +1 hand axe
rCold   . . .      Faith    .   (no shield)
rNeg    . . .      Spirit   .   s - +0 chain mail
rPois   .          Reflect  .   (helmet restricted)
rElec   +          Harm     .   c - +2 cloak
rCorr   .          Rampage  .   (no gloves)
Will    .....      Clarity  +   n - +2 pair of boots {Fly}
Stlth   ..........              (no amulet)
HPRegen 0.29/turn               j - +6 ring of strength
MPRegen 0.11/turn               d - +6 ring of dexterity

@: berserking (expiring), flying, very quick
A: horns 2, retaliatory headbutt, clarity, clever 1, shaggy fur 1, electricity
resistance, noise suppression
a: Renounce Religion, Berserk, Trog's Hand, Brothers in Arms


You were on level 8 of the Dungeon.
You worshipped Trog.
Trog was greatly pleased with you.
You visited 1 branch of the dungeon, and saw 8 of its levels.

You collected 463 gold pieces.
You spent 252 gold pieces at shops.


Innate Abilities, Weirdness & Mutations

You have a pair of horns on your head.
You reflexively headbutt those who attack you in melee.
You possess an exceptional clarity of mind.
Your mind is acute. (Int +4, Str/Dex -1)
You are covered in fur. (AC +1)
You are resistant to electric shocks. (rElec)
You passively dampen the noise of your surroundings.


   Skills:
 - Level 7.1 Fighting
 + Level 12.5 Axes
 - Level 2.3 Throwing
 - Level 5.4 Armour
 - Level 4.1 Dodging


You had 8 spell levels left.
You didn't know any spells.
Your spell library was empty.

Inventory:

Hand Weapons
 o - a +5 morningstar
 Y - a +1 hand axe (weapon)
Missiles
 m - 10 boomerangs (quivered)
Armour
 c - a +2 cloak (worn)
 h - a +0 buckler
 n - a +2 pair of boots of flying (worn)
 p - a +1 chain mail of cold resistance
 s - a +0 chain mail (worn)
Jewellery
 d - a +6 ring of dexterity (right hand)
 j - a +6 ring of strength (left hand)
Wands
 l - a wand of digging (3)
Scrolls
 e - a scroll of teleportation
 i - 2 scrolls of identify
Potions
 a - 2 potions of heal wounds
 b - a potion of resistance
 f - a potion of might
 g - 5 potions of curing
 k - a potion of haste

Dungeon Overview and Level Annotations

Branches:
Dungeon (8/15)             Temple (0/1) D:5
   Lair: D:8-11

Altars:
Hepliaklqana
Nemelex Xobeh
Yredelemnul

Shops:
D:1 *   D:8 [

Annotations:
D:4 2 transporters, qw's ghost, amateur FoCA
D:8 Erica


Message History

The gnoll sergeant blocks your attack.
You slash the gnoll sergeant!
Your headbutt misses the gnoll sergeant.
The gnoll sergeant is moderately wounded.
You feel sick.
You are no longer poisoned.
You barely miss the gnoll sergeant.
The gnoll sergeant is moderately wounded.
The gnoll sergeant closely misses you.
You hit the gnoll sergeant. You headbutt the gnoll sergeant!
The gnoll sergeant is almost dead.
You hit the gnoll sergeant but do no damage.
The gnoll sergeant is almost dead.
You slash the gnoll sergeant!
You feel the power of Trog in you as your rage grows.
You kill the gnoll sergeant!
Trog accepts your kill. The gnoll closely misses you. You furiously retaliate!
You headbutt the gnoll! The gnoll closely misses you. You furiously retaliate!
You headbutt the gnoll!
Things that are here:
a +0 club; a gnoll corpse You closely miss the gnoll.
You headbutt the gnoll.
You kill the gnoll!
Trog accepts your kill.
You hit the gnoll.
You kill the gnoll!
Trog accepts your kill.
You swing at nothing.
You slash something! You closely miss something.
Something hits you but does no damage.
You closely miss something. You miss something. You headbutt something!
Something hits you! Something burns you.
You slash something! You slash something!
You hear some strange, mumbled words.
A lance of force appears from out of thin air!
The lance of force hits you!!
You die...

##.### #.........#
#.........#.. ..
#............ ...
............ ....
#<...#.#....
z¤..###.##¤#......
.......¤¤@{)......
..¤¤~~~¤¤¤~~~~....
..~¤...¤¤.¤..~.##.
#.~.~~¤~¤~¤~.~.#
#.~(~.¤¤...~.~.##.
#.~.~.~~¤¤¤~.¤....
..~.~.~.\~.~.~..#.
#.¤.~?~.¤~.~.~....
#.~.~.~....¤.~.#^.


There were no monsters in sight!

Vanquished Creatures
  Grinder (D:6)
  A steam dragon (D:7)
  A water moccasin (D:6)
  An ice beast (D:5)
  An orc warrior (D:8)
  3 ogres
  A sky beast (D:5)
  2 black bears
  A phantom (D:4)
  2 bullfrogs (D:7)
  A necrophage (D:6)
  A gnoll sergeant (D:8)
  2 scorpions
  4 wights (D:8)
  3 hounds
  4 jellies
  A gnoll bouda (D:6)
  4 orc priests
  Jessica (D:3)
  Natasha (D:3)
  4 orc wizards
  Robin (D:4)
  12 gnolls
  7 adders
  A shadow imp (D:7)
  An ufetubus (D:6)
  3 dart slugs
  28 orcs
  7 endoplasms
  4 giant cockroaches
  15 goblins
  13 hobgoblins
  4 jackals (D:2)
  8 quokkas
  4 ball pythons
  9 bats
  5 frilled lizards
  6 kobolds
  3 rats
171 creatures vanquished.

Vanquished Creatures (others)
  A plant (D:1)
  5 toadstools (D:1)
6 creatures vanquished.

Grand Total: 177 creatures vanquished

Notes
Turn   | Place    | Note
-------+----------+-------------------------------------------
     0 | D:1      | qw the Minotaur Berserker began the quest for the Orb.
     0 | D:1      | Reached XP level 1. HP: 19/19 MP: 0/0
     0 | D:1      | 0 ||| qw: Version: 0.1-a-104-g96f76f8
     0 | D:1      | 0 ||| qw: Game counter: 5823
     0 | D:1      | 0 ||| qw: Always use a shield: true
     0 | D:1      | 0 ||| qw: Do Orc after D:15 true
     0 | D:1      | 0 ||| qw: Do second Lair branch before Depths: true
     0 | D:1      | 0 ||| qw: Lair rune preference: random
     0 | D:1      | 0 ||| qw: Plans: Normal
     0 | D:1      | 0 ||| PLANNING D:1-11
    36 | D:1      | Reached skill level 4 in Axes
    52 | D:1      | 52 ||| Stepping ~*~*~tactically~*~*~ (stealth).
    53 | D:1      | 53 ||| Stepping ~*~*~tactically~*~*~ (stealth).
    54 | D:1      | 54 ||| Stepping ~*~*~tactically~*~*~ (stealth).
   123 | D:1      | Found Uqoclufu's Assorted Antiques.
   131 | D:1      | 131 ||| SHOPLISTING leather armour (40 gold, have 5).
   131 | D:1      | 131 ||| SHOPLISTING mace (60 gold, have 5).
   131 | D:1      | 131 ||| SHOPLISTING ring mail (80 gold, have 5).
   131 | D:1      | 131 ||| SHOPLISTING viscous coppery potion (18 gold, have
                  | 5).
   145 | D:1      | Reached XP level 2. HP: 22/26 MP: 1/1
   148 | D:1      | 148 ||| Stepping ~*~*~tactically~*~*~ (stealth).
   338 | D:1      | 338 ||| Stepping ~*~*~tactically~*~*~ (stealth).
   482 | D:1      | Found a faded altar of an unknown god.
   735 | D:1      | Reached ** piety under Trog
   736 | D:1      | Reached skill level 5 in Axes
   894 | D:1      | Reached XP level 3. HP: 22/31 MP: 2/2
  1136 | D:1      | 1136 ||| DROPPING +0 club.
  1137 | D:1      | 1137 ||| UPGRADING to +0 leather armour.
  1147 | D:1      | 1147 ||| DROPPING +0 animal skin.
  1148 | D:1      | 1148 ||| UPGRADING to +0 ring mail.
  1158 | D:1      | 1158 ||| DROPPING +0 leather armour.
  1159 | D:1      | 1159 ||| READING scroll labelled WAATYL CAZXA.
  1342 | D:2      | 1342 ||| Stepping ~*~*~tactically~*~*~ (hiding).
  1367 | D:2      | 1367 ||| Stepping ~*~*~tactically~*~*~ (stealth).
  1373 | D:2      | 1373 ||| Stepping ~*~*~tactically~*~*~ (stealth).
  1381 | D:2      | 1381 ||| Stepping ~*~*~tactically~*~*~ (stealth).
  1569 | D:2      | 1569 ||| Stepping ~*~*~tactically~*~*~ (stealth).
  1571 | D:2      | 1571 ||| Stepping ~*~*~tactically~*~*~ (stealth).
  1577 | D:2      | 1577 ||| Stepping ~*~*~tactically~*~*~ (stealth).
  1660 | D:2      | 1660 ||| Stepping ~*~*~tactically~*~*~ (stealth).
  1661 | D:2      | 1661 ||| Stepping ~*~*~tactically~*~*~ (stealth).
  1836 | D:2      | 1836 ||| UPGRADING to +0 pair of boots.
  1841 | D:2      | 1841 ||| READING scroll labelled ORYUKI NITUNES.
  1842 | D:2      | 1842 ||| READING scroll labelled DEOGAI LOAC.
  1843 | D:2      | 1843 ||| READING scroll labelled DEPA BE PISTUBB.
  1844 | D:2      | 1844 ||| READING scroll labelled PEM UJ TAD.
  1845 | D:2      | 1845 ||| READING scroll labelled OZIMIGAILOSA.
  1846 | D:2      | 1846 ||| DRINKING 2 fizzy cyan potions.
  1847 | D:2      | 1847 ||| DRINKING 2 cyan potions.
  1871 | D:2      | Reached XP level 4. HP: 38/39 MP: 3/3
  1876 | D:3      | Noticed Jessica
  1882 | D:3      | Reached skill level 6 in Axes
  1883 | D:3      | 1883 ||| INVOKING Berserk.
  1890 | D:3      | Killed Jessica
  2672 | D:3      | Reached XP level 5. HP: 45/45 MP: 4/4
  2746 | D:3      | Noticed Natasha
  2747 | D:3      | 2747 ||| Stepping ~*~*~tactically~*~*~ (hiding).
  2750 | D:3      | 2750 ||| INVOKING Berserk.
  2752 | D:3      | Killed Natasha
  2753 | D:3      | Reached skill level 7 in Axes
  2953 | D:3      | 2953 ||| DRINKING 3 murky dark potions.
  2954 | D:3      | 2954 ||| DRINKING 2 purple potions.
  2955 | D:3      | 2955 ||| DROPPING 2 potions of attraction.
  2956 | D:3      | 2956 ||| DROPPING potion of flight.
  2975 | D:4      | 2975 ||| PLANNING SEWER
  3197 | D:4      | 3197 ||| Stepping ~*~*~tactically~*~*~ (stealth).
  3199 | D:4      | 3199 ||| Stepping ~*~*~tactically~*~*~ (stealth).
  3204 | D:4      | Reached *** piety under Trog
  3206 | D:4      | Noticed Robin
  3207 | D:4      | 3207 ||| Stepping ~*~*~tactically~*~*~ (hiding).
  3209 | D:4      | 3209 ||| Stepping ~*~*~tactically~*~*~ (hiding).
  3213 | D:4      | 3213 ||| INVOKING Berserk.
  3220 | D:4      | Killed Robin
  3224 | D:4      | 3224 ||| Stepping ~*~*~tactically~*~*~ (stealth).
  3317 | D:4      | Noticed a phantom
  3329 | D:4      | Killed a phantom
  3330 | D:4      | Reached XP level 6. HP: 45/52 MP: 5/5
  3330 | D:4      | 3330 ||| INVOKING Berserk.
  3333 | D:4      | Reached skill level 8 in Axes
  3437 | D:4      | 3437 ||| DROPPING +0 mace.
  3479 | D:4      | 3479 ||| Stepping ~*~*~tactically~*~*~ (stealth).
  3481 | D:4      | 3481 ||| Stepping ~*~*~tactically~*~*~ (hiding).
  3484 | D:4      | 3484 ||| Stepping ~*~*~tactically~*~*~ (stealth).
  3485 | D:4      | 3485 ||| Stepping ~*~*~tactically~*~*~ (stealth).
  3486 | D:4      | 3486 ||| Stepping ~*~*~tactically~*~*~ (stealth).
  3530 | D:4      | 3530 ||| Stepping ~*~*~tactically~*~*~ (stealth).
  3548 | D:4      | 3548 ||| INVOKING Berserk.
  3659 | D:4      | You fall into a shaft and drop 2 floors!
  3667 | D:6      | 3667 ||| INVOKING Berserk.
  3670 | D:6      | Reached skill level 9 in Axes
  3677 | D:6      | Reached XP level 7. HP: 59/60 MP: 6/6
  3810 | D:6      | 3810 ||| DROPPING +0 flail.
  3827 | D:6      | 3827 ||| Stepping ~*~*~tactically~*~*~ (stealth).
  3828 | D:6      | 3828 ||| INVOKING Berserk.
  3940 | D:6      | Reached skill level 10 in Axes
  3989 | D:6      | 3989 ||| RIP SEWER
  3989 | D:6      | 3989 ||| PLANNING D:1-11
  3989 | D:6      | 3989 ||| UPGRADING to +2 pair of boots of flying.
  3999 | D:6      | 3999 ||| DROPPING +0 pair of boots.
  4000 | D:6      | 4000 ||| UPGRADING to +0 scale mail.
  4010 | D:6      | 4010 ||| DROPPING +0 ring mail.
  4011 | D:6      | 4011 ||| UPGRADING to +0 chain mail.
  4021 | D:6      | 4021 ||| DROPPING +0 scale mail.
  4022 | D:6      | 4022 ||| UPGRADING to +6 ring of strength.
  4023 | D:6      | 4023 ||| READING scroll labelled WIRATUWURU.
  4024 | D:6      | 4024 ||| READING scroll labelled UCRUH PAMEI.
  4025 | D:6      | 4025 ||| READING scroll labelled QOOKASUUMN.
  4030 | D:6      | 4030 ||| READING 5 scrolls labelled XIMEDWAHOM.
  4031 | D:6      | 4031 ||| DRINKING 2 red potions.
  4031 | D:6      | Gained mutation: You are frail. (-10% HP) [potion of
                  | mutation]
  4031 | D:6      | Gained mutation: You possess an exceptional clarity of
                  | mind. [potion of mutation]
  4032 | D:6      | 4032 ||| DRINKING potion of mutation.
  4032 | D:6      | Lost mutation: You are frail. (-10% HP) [potion of
                  | mutation]
  4032 | D:6      | Lost mutation: You possess an exceptional clarity of mind.
                  | [potion of mutation]
  4032 | D:6      | Gained mutation: You passively dampen the noise of your
                  | surroundings. [potion of mutation]
  4032 | D:6      | Gained mutation: You have hidden genetic potential. [potion
                  | of mutation]
  4032 | D:6      | Gained mutation: You possess an exceptional clarity of
                  | mind. [potion of mutation]
  4032 | D:6      | Gained mutation: You are resistant to electric shocks.
                  | (rElec) [potion of mutation]
  4063 | D:6      | 4063 ||| READING 3 scrolls of identify.
  4063 | D:6      | 4063 ||| IDENTIFYING smoky sapphire potion
  4064 | D:6      | 4064 ||| READING 2 scrolls of identify.
  4064 | D:6      | 4064 ||| IDENTIFYING bubbling white potion
  4065 | D:6      | 4065 ||| DROPPING potion of berserk rage.
  4066 | D:6      | 4066 ||| DROPPING potion of brilliance.
  4067 | D:6      | 4067 ||| DROPPING 4 scrolls of vulnerability.
  4072 | D:5      | Entered Level 5 of the Dungeon
  4075 | D:4      | 4075 ||| RIP SEWER
  4077 | D:4      | Found a transporter.
  4080 | D:4      | Noticed qw's ghost (amateur FoCA)
  4107 | D:4      | 4107 ||| INVOKING Berserk.
  4329 | D:4      | Found a basalt altar of Yredelemnul.
  4329 | D:4      | Found a sparkling altar of Nemelex Xobeh.
  4364 | D:4      | Found a transporter.
  4492 | D:5      | Reached skill level 3 in Armour
  4513 | D:5      | 4513 ||| INVOKING Berserk.
  4755 | D:5      | 4755 ||| INVOKING Berserk.
  4757 | D:5      | Reached XP level 8. HP: 70/70 MP: 7/7
  4875 | D:5      | Reached skill level 6 in Fighting
  4880 | D:5      | 4880 ||| INVOKING Berserk.
  4948 | D:5      | Found a staircase to the Ecumenical Temple.
  5164 | D:5      | 5164 ||| Stepping ~*~*~tactically~*~*~ (hiding).
  5169 | D:5      | 5169 ||| INVOKING Berserk.
  5194 | D:5      | Gained mutation: Your mind is acute. (Int +4, Str/Dex -1)
                  | [hidden potential]
  5384 | D:5      | Reached **** piety under Trog
  5491 | D:5      | Reached skill level 11 in Axes
  5791 | D:5      | 5791 ||| UPGRADING to +1 cloak.
  5796 | D:5      | 5796 ||| UPGRADING to +6 ring of dexterity.
  5797 | D:5      | 5797 ||| READING scroll labelled OLLI YNYUCW.
  5798 | D:5      | 5798 ||| DRINKING 2 clear potions.
  5799 | D:5      | 5799 ||| DRINKING 2 silvery potions.
  5833 | D:5      | 5833 ||| DROPPING potion of lignification.
  5893 | D:6      | Noticed Grinder
  5894 | D:6      | 5894 ||| Stepping ~*~*~tactically~*~*~ (hiding).
  5895 | D:6      | 5895 ||| INVOKING Trog's Hand.
  5898 | D:6      | 5898 ||| INVOKING Berserk.
  5912 | D:6      | Killed Grinder
  6050 | D:6      | 6050 ||| Stepping ~*~*~tactically~*~*~ (stealth).
  6404 | D:7      | 6404 ||| INVOKING Berserk.
  6529 | D:7      | 6529 ||| Stepping ~*~*~tactically~*~*~ (stealth).
  6598 | D:7      | 6598 ||| Stepping ~*~*~tactically~*~*~ (hiding).
  6602 | D:7      | 6602 ||| INVOKING Berserk.
  6607 | D:7      | Reached XP level 9. HP: 78/78 MP: 8/8
  6770 | D:7      | Reached skill level 12 in Axes
  6875 | D:7      | Found a hazy altar of Hepliaklqana.
  7077 | D:7      | 7077 ||| READING scroll of enchant armour.
  7077 | D:7      | 7077 ||| ENCHANTING +1 cloak.
  7091 | D:7      | 7091 ||| Stepping ~*~*~tactically~*~*~ (hiding).
  7226 | D:7      | 7226 ||| READING scroll labelled FUENGE PYSMAW.
  7327 | D:7      | 7327 ||| DRINKING 2 viscous coppery potions.
  7328 | D:7      | 7328 ||| READING 2 scrolls of identify.
  7328 | D:7      | 7328 ||| IDENTIFYING smoky blue potion
  7402 | D:8      | Gained mutation: You are covered in fur. (AC +1) [hidden
                  | potential]
  7402 | D:8      | Lost mutation: You have hidden genetic potential. [hidden
                  | potential expressed]
  7441 | D:8      | Found Qoidghac's Armour Shop.
  7460 | D:8      | 7460 ||| INVOKING Berserk.
  7608 | D:8      | 7608 ||| DROPPING +1 flail of protection.
  7620 | D:8      | 7620 ||| DROPPING +0 morningstar.
  7626 | D:8      | 7626 ||| BUYING +0 buckler (54 gold).
  7626 | D:8      | Bought a +0 buckler for 54 gold pieces
  7626 | D:8      | 7626 ||| BUYING +1 chain mail of cold resistance (198
                  | gold).
  7626 | D:8      | Bought a +1 chain mail of cold resistance for 198 gold
                  | pieces
  7626 | D:8      | Noticed Erica
  7636 | D:8      | 7636 ||| INVOKING Berserk.
  7652 | D:8      | Killed from afar by Erica

Levels and vault maps discovered:
D:1:      ldierk_walled_garden, layout_basic, basic_ecumenical_altar,
          serial_shops, shop
D:2:      layout_basic, minmay_bisected
D:3:      layout_basic, minmay_misc_feat_ornament, uniq_jessica, uniq_natasha
D:4:      layout_loops_cross, gammafunk_temple_overflow_wave,
          gammafunk_ghost_mausoleum, gup_sewer_entry_bowl, minmay_starry_boxes,
          uniq_robin
D:5:      layout_cave_pods, minmay_temple_entry_mini_moons
D:6:      layout_cave_pools, uniq_grinder
D:7:      layout_gridville, mainiacjoe_overflow_24_doors, minmay_diced_spiral
D:8:      layout_basic, nicolae_inconvenience_store, kennysheep_generic_room_10,
          uniq_maggie, uniq_erica, uniq_prince_ribbit1

Skill      XL: |  1  2  3  4  5  6  7  8  9 |
---------------+----------------------------+-----
Axes           | 4 5 6 7 9 10 11 12 | 12.5
Fighting       | 4 5 6 7 |  7.1
Throwing       | 2 |  2.3
Armour         | 3 4 5 |  5.4
Dodging        | 4 |  4.1

Action                   |  1- 3 |  4- 6 |  7- 9 || total
-------------------------+-------+-------+-------++-------
Melee: Hand axe          |   102 |    93 |   166 ||   361
       Headbutt          |     7 |    12 |    27 ||    46
       Punch             |     3 |       |     2 ||     5
Throw: Boomerang         |       |     5 |    67 ||    72
Invok: Berserk           |       |     6 |    11 ||    17
       Trog's Hand       |       |       |     1 ||     1
  Use: Scroll            |     6 |       |    10 ||    16
       Potion            |     2 |     2 |     5 ||     9
Armor: Animal skin       |     3 |       |       ||     3
       Ring mail         |    10 |    19 |     4 ||    33
       Chain mail        |       |       |    53 ||    53
Dodge: Dodged            |    49 |    42 |    55 ||   146

Table legend:
 A = Non-vault XP
 B = Vault XP
 C = Vault XP percentage of total XP
 D = Non-vault monster count
 E = Vault monster count
 F = Vault count percentage of total count
                 A         B        C        D         E       F
            +---------+---------+-------+---------+---------+-------
      Total |    3153 |     633 |  16.7 |     146 |      25 |  14.6
            +---------+---------+-------+---------+---------+-------
        D:1 |      43 |       0 |   0.0 |      23 |       0 |   0.0
        D:2 |      51 |       3 |   5.6 |      21 |       2 |   8.7
        D:3 |      65 |      74 |  53.2 |      16 |       2 |  11.1
        D:4 |     319 |     183 |  36.5 |      14 |      18 |  56.2
        D:5 |     858 |       0 |   0.0 |      21 |       0 |   0.0
        D:6 |     681 |     277 |  28.9 |      25 |       1 |   3.8
        D:7 |     415 |      96 |  18.8 |       8 |       2 |  20.0
        D:8 |     721 |       0 |   0.0 |      18 |       0 |   0.0
            +---------+---------+-------+---------+---------+-------
